TOP OF THE 1ST |
El Paso Chihuahuas batting - Pitching for Las Vegas 51s : RHP Andy Reinhardt
|
Pitching: RHP Andy Reinhardt
|
|
Batting: LHB Angel Mejia
|
0-0: Called Strike 0-1: Foul Ball, location: 2F 0-2: Strikes out swinging
|
Batting: RHB Lamberto Amicis
|
0-0: Ball 1-0: Ball 2-0: Swinging Strike 2-1: Foul Ball, location: 2F 2-2: Ball 3-2: Strikes out swinging, 2-3 out at first.
|
Batting: RHB Chase Briney
|
0-0: Ball 1-0: Ball 2-0: Swinging Strike 2-1: Ball 3-1: Foul Ball, location: 2F 3-2: Ground out 4-3 (Groundball, 4M, EV 76.2 MPH)
|
Top of the 1st over - 0 runs, 0 hits, 0 errors, 0 left on base; El Paso 0 - Las Vegas 0 |
BOTTOM OF THE 1ST |
Las Vegas 51s batting - Pitching for El Paso Chihuahuas : RHP Jorge Guerrero
|
Pitching: RHP Jorge Guerrero
|
|
Batting: SHB Jason Larson
|
0-0: Ball 1-0: Ball 2-0: Fly out, F7 (Flyball, 78M, EV 96.9 MPH)
|
Batting: LHB Adam Hairston
|
0-0: Called Strike 0-1: Ball 1-1: Ball 2-1: Ground out 6-3 (Groundball, 6, EV 85.6 MPH)
|
Batting: RHB Josh Jones
|
0-0: Called Strike 0-1: Ball 1-1: Swinging Strike 1-2: Foul Ball, location: 2F 1-2: Fly out, F2 (Popup, 5SF, EV 83.8 MPH)
|
Bottom of the 1st over - 0 runs, 0 hits, 0 errors, 0 left on base; El Paso 0 - Las Vegas 0 |
TOP OF THE 2ND |
El Paso Chihuahuas batting - Pitching for Las Vegas 51s : RHP Andy Reinhardt
|
Batting: RHB Andy Sheridan
|
0-0: Swinging Strike 0-1: Foul Ball, location: 2F 0-2: Foul Ball, location: 2F 0-2: Foul Ball, location: 2F 0-2: Ball 1-2: Foul Ball, location: 2F 1-2: Ball 2-2: Ground out U3 (Groundball, 34S, EV 67.5 MPH)
|
Batting: RHB Eric Sandell
|
0-0: Ball 1-0: Called Strike 1-1: Ball 2-1: Ground out 4-3 (Groundball, 4S, EV 76.2 MPH)
|
Batting: LHB Anthony Mosley
|
0-0: Called Strike 0-1: Foul Ball, location: 2F 0-2: Ball 1-2: Ball 2-2: Strikes out looking
|
Top of the 2nd over - 0 runs, 0 hits, 0 errors, 0 left on base; El Paso 0 - Las Vegas 0 |
BOTTOM OF THE 2ND |
Las Vegas 51s batting - Pitching for El Paso Chihuahuas : RHP Jorge Guerrero
|
Batting: LHB Bill Armijo
|
0-0: Ball 1-0: Swinging Strike 1-1: Called Strike 1-2: Strikes out swinging
|
Batting: RHB Ken Fitzpatrick
|
0-0: Ground out 6-3 (Groundball, 6, EV 79.4 MPH)
|
Batting: SHB Nelson Powell
|
0-0: Called Strike 0-1: Ball 1-1: Ball 2-1: Ball 3-1: Foul Ball, location: 2F 3-2: Base on Balls
|
Batting: RHB Devine Adams
|
0-0: Foul Ball, location: 2F 0-1: Ball 1-1: Called Strike 1-2: Ball 2-2: TRIPLE (Flyball, 9LD, EV 104.4 MPH) Nelson Powell scores
|
Batting: LHB Jose Chavez
|
0-0: Foul Ball, location: 2F 0-1: Ball 1-1: SINGLE (Line Drive, 78M, EV 110.0 MPH) Devine Adams scores
|
Batting: RHB Alex Vasquez
|
0-0: Ball Jose Chavez is caught stealing 2nd base 2-4
|
Bottom of the 2nd over - 2 runs, 2 hits, 0 errors, 0 left on base; El Paso 0 - Las Vegas 2 |
TOP OF THE 3RD |
El Paso Chihuahuas batting - Pitching for Las Vegas 51s : RHP Andy Reinhardt
|
Batting: RHB Kiril Emeshin
|
0-0: Ground out 5-3 (Groundball, 5S, EV 63.8 MPH)
|
Batting: SHB Blake Abbott
|
0-0: Ball 1-0: Foul Ball, location: 2F 1-1: Ball 2-1: Swinging Strike 2-2: Strikes out swinging
|
Batting: RHB Matt Fabre
|
0-0: Swinging Strike 0-1: Ball 1-1: Called Strike 1-2: Foul Ball, location: 2F 1-2: Ground out 6-3 (Groundball, 6, EV 81.9 MPH)
|
Top of the 3rd over - 0 runs, 0 hits, 0 errors, 0 left on base; El Paso 0 - Las Vegas 2 |
BOTTOM OF THE 3RD |
Las Vegas 51s batting - Pitching for El Paso Chihuahuas : RHP Jorge Guerrero
|
Batting: RHB Alex Vasquez
|
0-0: Ball 1-0: Ball 2-0: Called Strike 2-1: Ground out 6-3 (Groundball, 6, EV 87.5 MPH)
|
Batting: SHB Jason Larson
|
0-0: Ball 1-0: Foul Ball, location: 2F 1-1: Ball 2-1: Ball 3-1: SINGLE (Groundball, 4S, EV 95.0 MPH)
|
Batting: LHB Adam Hairston
|
0-0: Ball 1-0: Ball 2-0: Called Strike Jason Larson is caught stealing 2nd base 2-6 2-1: Ground out 4-3 (Groundball, 4, EV 101.9 MPH)
|
Bottom of the 3rd over - 0 runs, 1 hit, 0 errors, 0 left on base; El Paso 0 - Las Vegas 2 |
TOP OF THE 4TH |
El Paso Chihuahuas batting - Pitching for Las Vegas 51s : RHP Andy Reinhardt
|
Batting: LHB Angel Mejia
|
0-0: Ball 1-0: Ball 2-0: Ball 3-0: Base on Balls
|
Batting: RHB Lamberto Amicis
|
0-0: Ball 1-0: Ball 2-0: Swinging Strike 2-1: Ball 3-1: Base on Balls Angel Mejia to second
|
Batting: RHB Chase Briney
|
0-0: Called Strike 0-1: Ball 1-1: Ball 2-1: Fielders Choice at 2nd, 6-4 (Groundball, 6, EV 82.5 MPH) Angel Mejia to third
|
Batting: RHB Andy Sheridan
|
0-0: Called Strike 0-1: Ball 1-1: Foul Ball, location: 2F 1-2: Ball 2-2: Foul Ball, location: 2F 2-2: Foul Ball, location: 2F 2-2: Strikes out looking
|
Batting: RHB Eric Sandell
|
0-0: Ball 1-0: Foul Ball, location: 2F 1-1: Foul Ball, location: 2F 1-2: Fly out, F8 (Line Drive, 89M, EV 92.5 MPH)
|
Top of the 4th over - 0 runs, 0 hits, 0 errors, 2 left on base; El Paso 0 - Las Vegas 2 |
BOTTOM OF THE 4TH |
Las Vegas 51s batting - Pitching for El Paso Chihuahuas : RHP Jorge Guerrero
|
Batting: RHB Josh Jones
|
0-0: Fly out, F8 (Flyball, 89M, EV 88.8 MPH)
|
Batting: LHB Bill Armijo
|
0-0: Called Strike 0-1: Ground out U3 (Groundball, 3, EV 84.4 MPH)
|
Batting: RHB Ken Fitzpatrick
|
0-0: Foul Ball, location: 2F 0-1: Swinging Strike 0-2: Ground out 5-3 (Groundball, 56S, EV 87.5 MPH)
|
Bottom of the 4th over - 0 runs, 0 hits, 0 errors, 0 left on base; El Paso 0 - Las Vegas 2 |
TOP OF THE 5TH |
El Paso Chihuahuas batting - Pitching for Las Vegas 51s : RHP Andy Reinhardt
|
Batting: LHB Anthony Mosley
|
0-0: Called Strike 0-1: Ground out 1-3 (Groundball, 13S, EV 77.5 MPH)
|
Batting: RHB Kiril Emeshin
|
0-0: Ball 1-0: Fly out, F4 (Popup, 4, EV 72.5 MPH)
|
Batting: SHB Blake Abbott
|
0-0: Ball 1-0: Called Strike 1-1: Foul Ball, location: 2F 1-2: Strikes out swinging
|
Top of the 5th over - 0 runs, 0 hits, 0 errors, 0 left on base; El Paso 0 - Las Vegas 2 |
BOTTOM OF THE 5TH |
Las Vegas 51s batting - Pitching for El Paso Chihuahuas : RHP Jorge Guerrero
|
Batting: SHB Nelson Powell
|
0-0: Ball 1-0: Foul Ball, location: 2F 1-1: Foul Ball, location: 2F 1-2: Ball 2-2: Ball 3-2: Fly out, F8 (Flyball, 89D, EV 78.1 MPH)
|
Batting: RHB Devine Adams
|
0-0: Ball 1-0: Called Strike 1-1: Swinging Strike 1-2: Foul Ball, location: 2F 1-2: Ball 2-2: Strikes out swinging
|
Batting: LHB Jose Chavez
|
0-0: Ball 1-0: Called Strike 1-1: Called Strike 1-2: SINGLE (Groundball, 34D, EV 94.4 MPH)
|
Batting: RHB Alex Vasquez
|
0-0: Ball Jose Chavez steals 2nd base 1-0: Ball 2-0: Ground out 6-3 (Groundball, 6M, EV 98.8 MPH)
|
Bottom of the 5th over - 0 runs, 1 hit, 0 errors, 1 left on base; El Paso 0 - Las Vegas 2 |
TOP OF THE 6TH |
El Paso Chihuahuas batting - Pitching for Las Vegas 51s : RHP Andy Reinhardt
|
Batting: RHB Matt Fabre
|
0-0: Ball 1-0: Called Strike 1-1: SINGLE (Groundball, 6D, EV 97.5 MPH)
|
Batting: LHB Angel Mejia
|
0-0: Grounds into double play, 4-6-3 (Groundball, 4, EV 106.2 MPH)
|
Batting: RHB Lamberto Amicis
|
0-0: Called Strike 0-1: SINGLE (Line Drive, 89S, EV 107.5 MPH)
|
Batting: RHB Chase Briney
|
Pickoff Throw to First - Out! 1-3 CS
|
Top of the 6th over - 0 runs, 2 hits, 0 errors, 0 left on base; El Paso 0 - Las Vegas 2 |
BOTTOM OF THE 6TH |
Las Vegas 51s batting - Pitching for El Paso Chihuahuas : RHP Jorge Guerrero
|
Batting: SHB Jason Larson
|
0-0: Fly out, F7 (Flyball, 7LS, EV 90.0 MPH)
|
Batting: LHB Adam Hairston
|
0-0: Called Strike 0-1: Ball 1-1: Ball 2-1: Swinging Strike 2-2: Fly out, F7 (Flyball, 7D, EV 100.0 MPH)
|
Batting: RHB Josh Jones
|
0-0: Ball 1-0: Swinging Strike 1-1: Ball 2-1: Called Strike 2-2: Ground out 4-3 (Groundball, 34, EV 82.5 MPH)
|
Bottom of the 6th over - 0 runs, 0 hits, 0 errors, 0 left on base; El Paso 0 - Las Vegas 2 |
TOP OF THE 7TH |
El Paso Chihuahuas batting - Pitching for Las Vegas 51s : RHP Andy Reinhardt
|
Batting: RHB Chase Briney
|
0-0: Swinging Strike 0-1: Fly out, F9 (Flyball, 89S, EV 88.8 MPH)
|
Batting: RHB Andy Sheridan
|
0-0: Called Strike 0-1: Ball 1-1: Ball 2-1: Fly out, F7 (Flyball, 7LM, EV 90.0 MPH)
|
Batting: RHB Eric Sandell
|
0-0: Reached on error, E6 (Groundball, 6, EV 105.6 MPH)
|
Batting: LHB Anthony Mosley
|
0-0: Ball 1-0: Ball 2-0: Ball 3-0: Base on Balls Eric Sandell to second
|
Batting: RHB Kiril Emeshin
|
0-0: Reached on error, E2 (Groundball, 2L, EV 69.4 MPH) Eric Sandell scores Anthony Mosley to third
|
Batting: SHB Blake Abbott
|
0-0: Foul Ball, location: 2F 0-1: Ball 1-1: Ball 2-1: SINGLE (Flyball, 34D, EV 84.4 MPH) Anthony Mosley scores Kiril Emeshin to third Runner from 3rd tries for Home, SAFE, throw by RF to home
|
Batting: RHB Matt Fabre
|
0-0: Foul Ball, location: 2F 0-1: Reached via error on a dropped throw from 1B, E1 (Groundball, 34, EV 88.8 MPH) Blake Abbott to second
|
Batting: LHB Angel Mejia
|
0-0: Called Strike 0-1: Ball 1-1: Ground out 6-3 (Groundball, P, EV 86.9 MPH)
|
Top of the 7th over - 3 runs, 1 hit, 3 errors, 2 left on base; El Paso 3 - Las Vegas 2 |
BOTTOM OF THE 7TH |
Las Vegas 51s batting - Pitching for El Paso Chihuahuas : RHP Jorge Guerrero
|
Batting: LHB Bill Armijo
|
0-0: Ball 1-0: Ball 2-0: Swinging Strike 2-1: Swinging Strike 2-2: Ground out 4-3 (Groundball, 4, EV 83.8 MPH)
|
Batting: RHB Ken Fitzpatrick
|
0-0: Called Strike 0-1: Foul Ball, location: 2F 0-2: Foul Ball, location: 2F 0-2: SOLO HOME RUN (Line Drive, 7LD, EV 95.0 MPH), Distance : 355 ft
|
Batting: SHB Nelson Powell
|
0-0: Ground out 5-3 (Groundball, 56S, EV 79.4 MPH)
|
Batting: RHB Devine Adams
|
0-0: Ball 1-0: Called Strike 1-1: SINGLE (Groundball, 4MD, EV 103.8 MPH)
|
Batting: LHB Jose Chavez
|
0-0: Ball 1-0: Ball 2-0: Fly out, F9 (Flyball, 9D, EV 80.6 MPH)
|
Bottom of the 7th over - 1 run, 2 hits, 0 errors, 1 left on base; El Paso 3 - Las Vegas 3 |
TOP OF THE 8TH |
El Paso Chihuahuas batting - Pitching for Las Vegas 51s : RHP Andy Reinhardt
|
Pitching: RHP Alastair Henry
|
|
Batting: RHB Lamberto Amicis
|
0-0: Ball 1-0: Ball 2-0: Fly out, F8 (Flyball, 8RM, EV 90.6 MPH)
|
Pinch Hitting: LHB Carlos Cuellar
|
0-0: Foul Ball, location: 2F 0-1: Ball 1-1: Ball 2-1: SINGLE (Groundball, 25, EV 69.4 MPH) (infield hit)
|
Batting: RHB Andy Sheridan
|
0-0: Ball 1-0: Fielders Choice at 2nd, 4-6 (Groundball, 34, EV 90.0 MPH)
|
Batting: RHB Eric Sandell
|
0-0: Foul Ball, location: 2F 0-1: Foul Ball, location: 2F 0-2: Fly out, F7 (Line Drive, 7, EV 96.2 MPH)
|
Top of the 8th over - 0 runs, 1 hit, 0 errors, 1 left on base; El Paso 3 - Las Vegas 3 |
BOTTOM OF THE 8TH |
Las Vegas 51s batting - Pitching for El Paso Chihuahuas : RHP Jorge Guerrero
|
Now in RF: Carlos Cuellar
|
|
Batting: RHB Alex Vasquez
|
0-0: Ball 1-0: SINGLE (Groundball, 56, EV 96.2 MPH)
|
Batting: SHB Jason Larson
|
0-0: Fielders Choice at 2nd, 4-6 (Groundball, 34, EV 89.4 MPH)
|
Batting: LHB Adam Hairston
|
0-0: Ball Jason Larson steals 2nd base 1-0: Called Strike 1-1: Foul Ball, location: 2F 1-2: Strikes out swinging
|
Pitching: RHP Adrian de la Cerda
|
|
Batting: RHB Josh Jones
|
0-0: Ground out 4-3 (Groundball, 4, EV 86.2 MPH)
|
Bottom of the 8th over - 0 runs, 1 hit, 0 errors, 1 left on base; El Paso 3 - Las Vegas 3 |
TOP OF THE 9TH |
El Paso Chihuahuas batting - Pitching for Las Vegas 51s : RHP Alastair Henry
|
Batting: LHB Anthony Mosley
|
0-0: Ball 1-0: Fly out, F8 (Flyball, 8RXD, EV 105.0 MPH)
|
Batting: RHB Kiril Emeshin
|
0-0: Foul Ball, location: 2F 0-1: Foul Ball, location: 2F 0-2: SINGLE (Line Drive, 78S, EV 95.0 MPH)
|
Batting: SHB Blake Abbott
|
0-0: Swinging Strike 0-1: Called Strike 0-2: Ball 1-2: Strikes out looking
|
Batting: RHB Matt Fabre
|
0-0: Ball 1-0: Ball 2-0: Ball 3-0: Base on Balls Kiril Emeshin to second
|
Batting: LHB Angel Mejia
|
0-0: Ball 1-0: Ball 2-0: Foul Ball, location: 2F 2-1: Ground out 1-3 (Groundball, 13S, EV 71.2 MPH)
|
Top of the 9th over - 0 runs, 1 hit, 0 errors, 2 left on base; El Paso 3 - Las Vegas 3 |
BOTTOM OF THE 9TH |
Las Vegas 51s batting - Pitching for El Paso Chihuahuas : RHP Adrian de la Cerda
|
Pitching: LHP Darby Jones
|
|
Batting: LHB Bill Armijo
|
0-0: Ball 1-0: Called Strike 1-1: Swinging Strike 1-2: Foul Ball, location: 2F 1-2: Fly out, F5 (Popup, 5SF, EV 73.8 MPH)
|
Pitching: RHP Rick Cotner
|
|
Batting: RHB Ken Fitzpatrick
|
0-0: Ball 1-0: Ball 2-0: Foul Ball, location: 2F 2-1: Ball 3-1: Ground out 5-3 (Groundball, 56, EV 82.5 MPH)
|
Batting: SHB Nelson Powell
|
0-0: Called Strike 0-1: Ball 1-1: Ball 2-1: Foul Ball, location: 2F 2-2: Strikes out swinging
|
Bottom of the 9th over - 0 runs, 0 hits, 0 errors, 0 left on base; El Paso 3 - Las Vegas 3 |
TOP OF THE 10TH |
El Paso Chihuahuas batting - Pitching for Las Vegas 51s : RHP Alastair Henry
|
Pitching: LHP Ken Dewey
|
|
Batting: RHB Lamberto Amicis
|
0-0: Called Strike 0-1: Ground out 1-3 (Groundball, 15S, EV 66.9 MPH)
|
Pinch Hitting: RHB Roberto Lemus
|
0-0: Ball 1-0: SINGLE (Flyball, 7LS, EV 88.8 MPH)
|
Batting: RHB Andy Sheridan
|
0-0: Grounds into double play, 6-4-3 (Groundball, 6, EV 88.8 MPH)
|
Top of the 10th over - 0 runs, 1 hit, 0 errors, 0 left on base; El Paso 3 - Las Vegas 3 |
BOTTOM OF THE 10TH |
Las Vegas 51s batting - Pitching for El Paso Chihuahuas : RHP Rick Cotner
|
Pitching: RHP Carlos Sepulveda
|
|
Now in RF: Roberto Lemus
|
|
Batting: RHB Devine Adams
|
0-0: Ball 1-0: Foul Ball, location: 2F 1-1: Ball 2-1: Ball 3-1: Swinging Strike 3-2: Ground out 6-3 (Groundball, 6, EV 81.9 MPH)
|
Batting: LHB Jose Chavez
|
0-0: Ball 1-0: Called Strike 1-1: Ball 2-1: Called Strike 2-2: Foul Ball, location: 2F 2-2: Ground out 1-3 (Groundball, 25, EV 65.6 MPH)
|
Pinch Hitting: SHB Harrison Feist
|
0-0: Ball 1-0: Ball 2-0: Swinging Strike 2-1: Fly out, F8 (Flyball, 8LXD, EV 80.0 MPH)
|
Bottom of the 10th over - 0 runs, 0 hits, 0 errors, 0 left on base; El Paso 3 - Las Vegas 3 |
TOP OF THE 11TH |
El Paso Chihuahuas batting - Pitching for Las Vegas 51s : LHP Ken Dewey
|
Now at 3B: Roger Renteria
|
|
Now at SS: Jason Larson
|
|
Batting: RHB Eric Sandell
|
0-0: Ball 1-0: Ball 2-0: Ball 3-0: Base on Balls
|
Batting: LHB Anthony Mosley
|
0-0: Ball 1-0: DOUBLE (Groundball, 3L, EV 96.9 MPH) Eric Sandell to third
|
Batting: RHB Kiril Emeshin
|
0-0: Ball 1-0: Fly out, F8 (Flyball, 8RM, EV 86.2 MPH) Runner from 3rd tags up, OUT at HOME! 8-2 Anthony Mosley to third
|
Batting: SHB Blake Abbott
|
0-0: Foul Ball, location: 2F 0-1: Swinging Strike 0-2: Ground out 3-1 (Groundball, 13, EV 88.1 MPH)
|
Top of the 11th over - 0 runs, 1 hit, 0 errors, 1 left on base; El Paso 3 - Las Vegas 3 |
BOTTOM OF THE 11TH |
Las Vegas 51s batting - Pitching for El Paso Chihuahuas : RHP Carlos Sepulveda
|
Batting: SHB Jason Larson
|
0-0: Called Strike 0-1: Ball 1-1: Ball 2-1: Ball 3-1: Base on Balls
|
Batting: LHB Adam Hairston
|
0-0: Ball 1-0: Called Strike Jason Larson steals 2nd base (no throw) 1-1: Bunt missed! 1-2: Reached on error, E5 (Groundball, 5L, EV 100.0 MPH) Jason Larson to third
|
Batting: RHB Josh Jones
|
0-0: Ball Adam Hairston steals 2nd base (no throw) 1-0: Called Strike 1-1: SINGLE (Groundball, 34, EV 100.0 MPH) Jason Larson scores
|
Bottom of the 11th over - 1 run, 1 hit, 1 error, 2 left on base; El Paso 3 - Las Vegas 4 |
|